[Event "Titled Tuesday Blitz November 22 Late 2022"]
[White "Baskakov, Egor"]
[Black "Gonzalez, Francisco Silva"]
[WhiteFideId "24197866"]
[BlackFideId "1512285"]
[WhiteElo "2791"]
[BlackElo "2489"]
[Result "1-0"]
[Round "03"]
[TimeControl "180+1"]
[Date "2022.11.23"]
[WhiteClock "0:01:23"]
[BlackClock "0:01:27"]

1. e4 e5 2. Nc3 Nf6 3. g3 Bc5 4. Bg2 Nc6 5. h3 a6 6. Nge2 d6 7. O-O Be6 8. Nd5 Bxd5 9. exd5 Nd4 10. Nxd4 Bxd4 11. d3 Ba7 12. Kh2 h6 13. c3 Qd7 14. f4 O-O-O 15. Rb1 Rde8 16. Qc2 Qf5 17. fxe5 Qxe5 18. d4 Qe2 19. Qf5+ Kb8 20. Rf2 Qe7 21. Bd2 Qf8 22. a4 Re7 23. b4 Qe8 24. b5 axb5 25. axb5 Re2 26. Qf3 Re7 27. Bf4 Re1 28. Rxe1 Qxe1 29. Ra2 Qb1 30. Re2 Qxb5 31. Qf2 Nxd5 32. Rb2 Qc4 33. Qf3 c6 34. Bxd6+ Ka8 35. Qxf7 Qxc3 36. Qxb7# 1-0


[Site "https://www.chess.com"]

[Event "Titled Tuesday Blitz November 22 Late 2022"]
[White "Bazzano, Sebastian"]
[Black "Alexikov, Alexander"]
[WhiteFideId "104566"]
[BlackFideId "14103958"]
[WhiteElo "2219"]
[BlackElo "2222"]
[Result "0-1"]
[Round "03"]
[TimeControl "180+1"]
[Date "2022.11.23"]
[WhiteClock "0:00:01"]
[BlackClock "0:00:12"]

1. d4 Nf6 2. Bf4 g6 3. Nc3 Bg7 4. e4 d6 5. Qd2 h5 6. O-O-O e6 7. Nf3 Nc6 8. Bc4 Bd7 9. d5 exd5 10. exd5 Ne7 11. Rhe1 O-O 12. Bh6 Bg4 13. Bxg7 Kxg7 14. Qf4 a6 15. h3 Bxf3 16. Qxf3 Qd7 17. Ne4 Nxe4 18. Rxe4 Ng8 19. Rde1 Rae8 20. g4 hxg4 21. hxg4 Nf6 22. Qc3 Rxe4 23. Rxe4 g5 24. Re3 Re8 25. Rf3 Re5 26. Qd2 Qxg4 27. Be2 Qe4 28. Re3 Qxd5 29. Rd3 Qe4 0-1


[Site "https://www.chess.com"]

[Event "Titled Tuesday Blitz November 22 Late 2022"]
[White "Bobadilla Viera, Jorge Samuel"]
[Black "Plat, Vojtech"]
[WhiteFideId "3906353"]
[BlackFideId "325740"]
[WhiteElo "2212"]
[BlackElo "2514"]
[Result "1-0"]
[Round "03"]
[TimeControl "180+1"]
[Date "2022.11.22"]
[WhiteClock "0:00:36"]
[BlackClock "0:00:22"]

1. e4 d6 2. d4 Nf6 3. Nc3 e5 4. Nf3 Nbd7 5. Bc4 Be7 6. a4 O-O 7. a5 c6 8. O-O Rb8 9. Re1 b5 10. axb6 axb6 11. h3 b5 12. Bb3 b4 13. Na4 Bb7 14. c3 bxc3 15. bxc3 c5 16. d5 Ba6 17. c4 Nb6 18. Nb2 Ra8 19. Bd2 Qc7 20. Qc2 Rfb8 21. Ba5 Qb7 22. Reb1 Nbxd5 23. Nd3 Nb4 24. Nxb4 cxb4 25. c5 Qxe4 26. Qxe4 Nxe4 27. Bd5 Nc3 28. Bxa8 Nxb1 29. Rxb1 Rxa8 30. c6 Bd3 31. Rxb4 Rxa5 32. c7 Bf5 33. g4 Be6 34. Rb8+ Bf8 35. Ng5 Bd7 36. Rd8 Ra1+ 37. Kh2 Rc1 38. Rxd7 d5 39. Nxf7 e4 40. Kg2 d4 41. Ng5 d3 42. Ne6 h5 43. Rd8 d2 44. Rxf8+ Kh7 45. Rd8 1-0


[Site "https://www.chess.com"]

[Event "Titled Tuesday Blitz November 22 Late 2022"]
[White "Bobkov, Vadim"]
[Black "Araujo Sanchez, Josue"]
[WhiteFideId "34110876"]
[BlackFideId "6416896"]
[WhiteElo "2730"]
[BlackElo "2556"]
[Result "1-0"]
[Round "03"]
[TimeControl "180+1"]
[Date "2022.11.23"]
[WhiteClock "0:00:04"]
[BlackClock "0:00:01"]

1. Nf3 d5 2. g3 Nf6 3. c4 dxc4 4. Na3 e6 5. Nxc4 c5 6. d3 Nc6 7. Bg2 Be7 8. O-O O-O 9. Nfe5 Nxe5 10. Nxe5 Nd5 11. Bd2 Bf6 12. Nc4 b5 13. Ne3 Bb7 14. Ng4 Be7 15. a4 a6 16. Qb3 Qb6 17. Ne5 Nf6 18. Ba5 Qa7 19. Nc6 Bxc6 20. Bxc6 bxa4 21. Qxa4 Rab8 22. Bc3 Rb6 23. Bf3 Nd5 24. Qc4 Nxc3 25. bxc3 Rfb8 26. Ra5 Rb5 27. Ra4 g6 28. Kg2 Qb6 29. Rfa1 a5 30. h4 Bf6 31. R4a3 Kg7 32. h5 Qc7 33. Rh1 Qe5 34. Qg4 Qf5 35. Qc4 Qe5 36. Be4 Kg8 37. Rh3 Qd6 38. Ra1 Rb3 39. Rxa5 Rxc3 40. Qa4 Rcb3 41. Ra8 Rxa8 42. Qxa8+ Rb8 43. Qa7 Bg7 44. hxg6 hxg6 45. Rh1 Rd8 46. Rc1 Rc8 47. Qb7 Qc7 48. Qb5 Qd6 49. Rc2 Bf8 50. Ra2 Rb8 51. Qc4 Rb4 52. Qc2 Qe5 53. Ra7 Rd4 54. Ra8 c4 55. Rc8 cxd3 56. exd3 Qf6 57. Qc7 Kg7 58. Qb8 Qe7 59. Re8 Qd6 60. Qa8 Be7 61. Rg8+ Kf6 62. Rh8 Kg5 63. Qg8 Bf6 64. Rh7 e5 65. Qxf7 Qe7 66. Qxg6# 1-0


[Site "https://www.chess.com"]

[Event "Titled Tuesday Blitz November 22 Late 2022"]
[White "Bongo Akanga Ndjila, Barthelemy"]
[Black "Roman, Rodrigo"]
[WhiteFideId "10609431"]
[BlackFideId "3701220"]
[WhiteElo "1768"]
[BlackElo "1995"]
[Result "1-0"]
[Round "03"]
[TimeControl "180+1"]
[Date "2022.11.23"]
[WhiteClock "0:00:16"]
[BlackClock "0:00:52"]

1. d4 d5 2. c4 Nf6 3. cxd5 Nxd5 4. e4 Nb6 5. Nc3 g6 6. h3 Bg7 7. Nf3 Nc6 8. Be3 O-O 9. Be2 Qd6 10. O-O a6 11. Qd2 Rd8 12. Rad1 e5 13. d5 Na5 14. b3 f5 15. Bg5 Re8 16. Rfe1 f4 17. Bh4 h6 18. Na4 Nxa4 19. bxa4 b6 20. Bf1 g5 21. g3 gxh4 22. gxf4 Qg6+ 23. Kh1 Qh5 24. Qc3 Nc4 25. Bxc4 Bxh3 26. Nxe5 Rxe5 27. Qxh3 Ree8 28. d6+ Kh8 29. dxc7 Rec8 30. Rd7 Qc5 31. Qg4 Bc3 32. Qg6 1-0


[Site "https://www.chess.com"]

[Event "Titled Tuesday Blitz November 22 Late 2022"]
[White "Boyer, Mahel"]
[Black "Klenburg, Michael"]
[WhiteFideId "45102422"]
[BlackFideId "14102072"]
[WhiteElo "2687"]
[BlackElo "2462"]
[Result "1-0"]
[Round "03"]
[TimeControl "180+1"]
[Date "2022.11.23"]
[WhiteClock "0:00:07"]
[BlackClock "0:00:19"]

1. d4 d6 2. Qd3 Nf6 3. e4 c6 4. e5 dxe5 5. dxe5 Qxd3 6. Bxd3 Nd5 7. a3 Nd7 8. Nf3 Nc5 9. Be2 Bf5 10. Nd4 Bg6 11. c4 Nb6 12. Nc3 a5 13. Be3 e6 14. O-O-O O-O-O 15. h4 Rxd4 16. Rxd4 Nb3+ 17. Kd1 Nxd4 18. Bxd4 c5 19. Be3 h6 20. h5 Bh7 21. Kc1 Be7 22. Rh3 Rd8 23. Rg3 Bf8 24. Nb5 Bd3 25. Bxd3 Rxd3 26. Kc2 Rd7 27. Rg4 a4 28. Nd6+ Bxd6 29. exd6 f5 30. Rg6 Nxc4 31. Bxc5 e5 32. Kc3 b5 33. Kb4 Nxb2 34. Kxb5 Kb7 35. Re6 Nd3 36. Re7 Kc8 37. Kc6 Nxc5 38. Re8+ Rd8 39. Rxd8+ Kxd8 40. Kxc5 Kd7 41. Kd5 e4 42. Ke5 Kd8 43. Kxf5 Kd7 44. Ke5 Kd8 45. Ke6 Ke8 46. d7+ Kd8 47. Kd6 e3 48. fxe3 g5 49. hxg6 1-0


[Site "https://www.chess.com"]

[Event "Titled Tuesday Blitz November 22 Late 2022"]
[White "Cannon, David"]
[Black "Stankovic, Ivan G"]
[WhiteFideId "3213110"]
[BlackFideId "902837"]
[WhiteElo "2013"]
[BlackElo "2226"]
[Result "1/2-1/2"]
[Round "03"]
[TimeControl "180+1"]
[Date "2022.11.23"]
[WhiteClock "0:00:14"]
[BlackClock "0:00:10"]

1. d4 d5 2. c4 c6 3. Nc3 Nf6 4. e3 a6 5. Nf3 Bf5 6. b3 e6 7. Bd3 Bb4 8. Bb2 Qa5 9. Qc2 Bxd3 10. Qxd3 Ne4 11. Rc1 Qxa2 12. Qc2 dxc4 13. bxc4 Nxc3 14. Bxc3 Qxc4 15. Ne5 Qxc3+ 16. Qxc3 Bxc3+ 17. Rxc3 Nd7 18. Nc4 Ke7 19. Na5 Rab8 20. Rb3 c5 21. O-O cxd4 22. exd4 Rhc8 23. Nxb7 Rc4 24. Rd1 Nf6 25. Kf1 Nd5 26. Nc5 Rxb3 27. Nxb3 Kd6 28. Ra1 Rc6 29. Nc5 Nc7 30. Ke2 Kd5 31. Nb3 Rc2+ 32. Kd3 Rxf2 33. Ra5+ Kd6 34. g3 Rxh2 35. Nc5 Rg2 36. Kc4 Rxg3 37. Ne4+ Ke7 38. Nxg3 g6 39. Rc5 Kd6 40. Ne4+ Kd7 41. Nf6+ Kd6 42. Nxh7 Nd5 43. Ra5 Nc7 44. Ng5 f6 45. Ne4+ Ke7 46. Rc5 Nd5 47. Rc6 a5 48. Ra6 a4 49. Nc5 Nc7 50. Ra7 Kd6 51. Rxa4 f5 52. Na6 Nd5 53. Nb4 Nb6+ 54. Kb5 Nxa4 55. Kxa4 g5 56. Kb3 g4 57. Nc2 Kd5 58. Kc3 Ke4 59. Kd2 g3 60. Ne3 Kxd4 61. Ng2 Ke4 62. Ke2 f4 63. Ne1 g2 64. Nf3 e5 65. Ng1 Kd4 66. Kf3 Kd3 67. Kxg2 e4 68. Kf1 f3 69. Nxf3 exf3 70. Kf2 Ke4 71. Kf1 Kf4 72. Kf2 Ke4 73. Kf1 Kf5 74. Kf2 Kg4 75. Kf1 Kg3 76. Kg1 Kg4 77. Kf2 Kf4 78. Kf1 Ke3 79. Ke1 f2+ 80. Kf1 Ke4 81. Kxf2 1/2-1/2


[Site "https://www.chess.com"]

[Event "Titled Tuesday Blitz November 22 Late 2022"]
[White "Corrales Jimenez, Fidel"]
[Black "Javakhadze, Zurab"]
[WhiteFideId "3506690"]
[BlackFideId "13603647"]
[WhiteElo "2906"]
[BlackElo "2667"]
[Result "0-1"]
[Round "03"]
[TimeControl "180+1"]
[Date "2022.11.23"]
[WhiteClock "0:00:58"]
[BlackClock "0:00:17"]

1. e4 e5 2. Nf3 Nc6 3. d4 exd4 4. Nxd4 Nf6 5. Nxc6 bxc6 6. e5 Nd5 7. c4 Bb4+ 8. Bd2 Bxd2+ 9. Qxd2 Nb6 10. Bd3 Qe7 11. O-O Ba6 12. b3 O-O 13. Re1 Rad8 14. Nc3 d5 15. exd6 Qxd6 16. Rad1 c5 17. Qg5 h6 18. Qf5 g6 19. Qh3 Qf4 20. g3 Qf3 21. Re3 Qf6 22. Ne4 Qg7 23. Nxc5 Bc8 24. Qg2 Qb2 25. Rde1 Qxa2 26. Qc6 Nd7 27. Qxc7 Nf6 28. Bxg6 fxg6 29. R3e2 Rd2 30. Rxd2 Qxd2 31. Re7 Qd1+ 32. Kg2 Bh3+ 33. Kxh3 Qf1+ 34. Kh4 g5# 0-1


[Site "https://www.chess.com"]

[Event "Titled Tuesday Blitz November 22 Late 2022"]
[White "Cortes Orihuela, Javier"]
[Black "Roque Sola, Gisela"]
[WhiteFideId "3414329"]
[BlackFideId "5120241"]
[WhiteElo "2080"]
[BlackElo "1961"]
[Result "0-1"]
[Round "03"]
[TimeControl "180+1"]
[Date "2022.11.23"]
[WhiteClock "0:00:02"]
[BlackClock "0:00:13"]

1. d4 Nf6 2. c4 e6 3. g3 d5 4. Nf3 Be7 5. Bg2 O-O 6. O-O dxc4 7. Nc3 c5 8. dxc5 Bxc5 9. Qxd8 Rxd8 10. Bg5 Nc6 11. Bxf6 gxf6 12. Ne4 Be7 13. Rac1 f5 14. Ned2 Bf6 15. Nxc4 e5 16. Rfd1 Be6 17. b3 e4 18. Nfd2 b5 19. Ne3 Nd4 20. Bf1 Rac8 21. Rxc8 Rxc8 22. Nb1 a6 23. Na3 Kf8 24. Kg2 Ke7 25. f3 h5 26. fxe4 fxe4 27. Kf2 h4 28. Bg2 hxg3+ 29. hxg3 Nf5 30. Nxf5+ Bxf5 31. Nb1 Rc2 32. Nd2 Rxa2 33. Nxe4 Be5 34. Rd3 Bc7 35. Rc3 Bb6+ 36. Kf3 Bxe4+ 37. Kxe4 Rxe2+ 38. Kf3 Rf2+ 39. Kg4 Rxg2 40. Rc6 Bd4 41. Rxa6 b4 42. Kf3 Rb2 43. Ke4 Bc3 44. Kd5 Rxb3 45. g4 Rb2 46. g5 Rd2+ 47. Ke4 Rg2 48. Kf5 Rf2+ 49. Ke4 Bd2 50. Ra5 Rg2 51. Ra7+ Kf8 52. Ra8+ Kg7 53. Rd8 Bxg5 0-1


[Site "https://www.chess.com"]

[Event "Titled Tuesday Blitz November 22 Late 2022"]
[White "Curtis, John"]
[Black "Dudzinski, Pawel"]
[WhiteFideId "3200256"]
[BlackFideId "1117890"]
[WhiteElo "2203"]
[BlackElo "2086"]
[Result "1-0"]
[Round "03"]
[TimeControl "180+1"]
[Date "2022.11.23"]
[WhiteClock "0:00:17"]
[BlackClock "0:00:03"]

1. Nf3 g6 2. g3 Bg7 3. Bg2 f5 4. O-O e5 5. d3 Nc6 6. c4 d6 7. Nc3 h6 8. Rb1 Be6 9. Bd2 Nf6 10. b4 Rb8 11. b5 Ne7 12. Qa4 O-O 13. Qxa7 e4 14. Nd4 Bf7 15. Qa3 Ra8 16. Qb3 d5 17. c5 Ng4 18. e3 Ne5 19. dxe4 dxe4 20. Qc2 Nd3 21. a4 Nxc5 22. Rfd1 Nd3 23. Nde2 g5 24. Be1 Nxe1 25. Rxe1 Bc4 26. Red1 Bd3 27. Qb3+ Kh8 28. Nc1 Ra7 29. Nxd3 exd3 30. b6 cxb6 31. Nb5 Ra5 32. Rxd3 Qe8 33. Bxb7 Qg6 34. Rd7 Qf6 35. Rd6 Qe5 36. Rbd1 f4 37. Re6 Qf5 38. e4 Qg4 39. Rxe7 f3 40. e5 Qh3 41. Bxf3 Qf5 42. Rxg7 1-0


[Site "https://www.chess.com"]

[Event "Titled Tuesday Blitz November 22 Late 2022"]
[White "D`Arruda, Ricardo D."]
[Black "Steinberg, Nitzan"]
[WhiteFideId "100692"]
[BlackFideId "2801795"]
[WhiteElo "2524"]
[BlackElo "2867"]
[Result "0-1"]
[Round "03"]
[TimeControl "180+1"]
[Date "2022.11.23"]
[WhiteClock "0:00:12"]
[BlackClock "0:00:55"]

1. d4 Nf6 2. Nf3 g6 3. g3 Bg7 4. Nc3 O-O 5. e4 d6 6. Bg2 c6 7. O-O Qc7 8. h3 e5 9. dxe5 dxe5 10. Be3 a5 11. a4 Na6 12. Qe2 Nb4 13. Rac1 b6 14. Nd2 Ba6 15. Nc4 b5 16. axb5 cxb5 17. Nb6 Rab8 18. Nbd5 Nbxd5 19. Nxd5 Nxd5 20. exd5 Qd6 21. Rfd1 b4 22. Qd2 Rfc8 23. c4 Bxc4 24. Bh6 Bh8 25. Ra1 Ra8 26. Qe1 a4 27. Bd2 Rcb8 28. Rdc1 Bxd5 29. Bxd5 Qxd5 30. Bxb4 Qe6 31. Kh2 h5 32. h4 Bf6 33. Bc3 Rc8 34. Qe4 Qc4 35. Qf3 Qc6 36. Qe3 Qb7 37. Re1 Re8 38. Re2 Qb5 39. Qe4 Kg7 40. Rd2 Qb3 41. Rd5 a3 42. Bxe5 Bxe5 43. Rxe5 Qxb2 44. Rxe8 Rxe8 45. Qxe8 Qxa1 0-1


[Site "https://www.chess.com"]

[Event "Titled Tuesday Blitz November 22 Late 2022"]
[White "Dardha, Daniel"]
[Black "Kalogeris, Ioannis"]
[WhiteFideId "240990"]
[BlackFideId "4239563"]
[WhiteElo "2872"]
[BlackElo "2526"]
[Result "0-1"]
[Round "03"]
[TimeControl "180+1"]
[Date "2022.11.23"]
[WhiteClock "0:01:19"]
[BlackClock "0:01:35"]

1. d4 d5 2. Qd3 Nf6 3. e4 Nxe4 4. Nf3 Nd6 5. Nc3 Bf5 6. Qd1 e6 7. Bf4 Be7 8. Bd3 O-O 9. Bxd6 Qxd6 10. Bxf5 exf5 11. O-O c6 12. Qd3 g6 13. Rfe1 Bf6 14. Ne2 Nd7 15. h4 Rfe8 16. Ng3 Re6 17. Rxe6 fxe6 18. c3 e5 19. dxe5 Nxe5 20. Nxe5 Qxe5 21. Nf1 Bxh4 22. c4 Bxf2+ 23. Kxf2 Qxb2+ 24. Kg1 Qxa1 25. cxd5 c5 26. Kh2 Qe5+ 27. Ng3 Rd8 28. Qb5 Qxd5 29. Qa5 a6 30. Qc7 Rd7 31. Qb8+ Kg7 32. Qf4 Re7 33. Qg5 Kf7 34. Qh4 Ke8 35. Qa4+ Qc6 36. Qf4 Kd7 37. Qb8 f4 38. Qxf4 Qd6 39. Qg4+ Kc7 40. Qg5 Re5 41. Qg4 Re3 42. Qf4 Qxf4 0-1


[Site "https://www.chess.com"]

[Event "Titled Tuesday Blitz November 22 Late 2022"]
[White "De La Colina, Nicolas"]
[Black "Clawitter, Craig"]
[WhiteFideId "30946921"]
[BlackFideId "2023105"]
[WhiteElo "2046"]
[BlackElo "2249"]
[Result "1/2-1/2"]
[Round "03"]
[TimeControl "180+1"]
[Date "2022.11.23"]
[WhiteClock "0:00:07"]
[BlackClock "0:00:10"]

1. c4 e6 2. Nf3 d5 3. e3 Nf6 4. b3 Be7 5. Bb2 c5 6. cxd5 exd5 7. Be2 O-O 8. O-O Nc6 9. d4 Re8 10. Nc3 Bf5 11. dxc5 Bxc5 12. Nb5 Ne4 13. Nbd4 Bg6 14. Rc1 Rc8 15. a3 a5 16. Bb5 Qd6 17. Ra1 Ba7 18. Bd3 Bb8 19. Re1 Ne5 20. Bb5 Re7 21. Rc1 Rec7 22. Rxc7 Qxc7 23. g3 Nc3 24. Bxc3 Qxc3 25. Nxe5 Bxe5 26. Nf3 Be4 27. Nxe5 Qxe5 28. Qd2 Rc2 29. Qxa5 h5 30. Qd8+ Kh7 31. Qh4 Qf5 32. Qf4 Qxf4 33. gxf4 Rb2 34. Ba4 Bc2 35. Rc1 Bxb3 36. Bxb3 Rxb3 37. Rc7 d4 38. exd4 Rxa3 39. Rxb7 Rd3 40. Rxf7 Rxd4 41. Rf5 Kg6 42. Rg5+ Kh6 43. Rf5 Kg6 44. Rg5+ Kh6 45. Re5 Rxf4 46. Kg2 Rg4+ 47. Kf3 Rg5 48. Re3 Rf5+ 49. Kg2 Kg5 50. h3 g6 51. Rg3+ Kh6 52. Ra3 Rf4 53. Kg3 Rf5 54. h4 Re5 55. Ra8 Rb5 56. f3 Rb4 57. Rh8+ Kg7 58. Ra8 Kf6 59. Ra6+ Kf5 60. Ra5+ Kf6 61. Rd5 Ra4 62. Rd3 Rb4 63. Rc3 Kf5 64. Rd3 Kf6 65. Rd5 Ra4 66. Rd3 Rb4 1/2-1/2


[Site "https://www.chess.com"]

[Event "Titled Tuesday Blitz November 22 Late 2022"]
[White "De Souza, Cristiano Gomes"]
[Black "Reprintsev, Alexander"]
[WhiteFideId "2151758"]
[BlackFideId "14100541"]
[WhiteElo "2068"]
[BlackElo "2230"]
[Result "0-1"]
[Round "03"]
[TimeControl "180+1"]
[Date "2022.11.23"]
[WhiteClock "0:00:23"]
[BlackClock "0:00:22"]

1. d4 d5 2. c4 e5 3. dxe5 d4 4. Nf3 Nc6 5. g3 Nge7 6. Bg2 Ng6 7. O-O Ngxe5 8. Nbd2 Nxf3+ 9. Nxf3 Be7 10. b3 O-O 11. Bb2 Bf6 12. Qd2 Qe7 13. a4 Rd8 14. Rfe1 a5 15. Rad1 Bg4 16. h3 Bh5 17. g4 Bg6 18. g5 Be5 19. Nxe5 Qxe5 20. f4 Qe6 21. Kh2 Be4 22. Rg1 Bxg2 23. Rxg2 Rd6 24. Rf1 Re8 25. f5 Qe3 26. Qxe3 Rxe3 27. Rf3 Ne7 28. Rgf2 Rxf3 29. Rxf3 c5 30. Kg3 f6 31. h4 Kf7 32. Kf4 Nc6 33. e4 d3 34. Rf1 d2 35. Rd1 Rd3 36. h5 h6 37. g6+ Ke7 38. e5 fxe5+ 39. Bxe5 Nxe5 40. Kxe5 Rd4 41. f6+ gxf6+ 42. Kf5 b6 43. g7 Kf7 44. g8=Q+ Kxg8 45. Kxf6 Kh7 46. Ke6 Rd3 47. Ke5 Kg7 48. Ke4 Rd4+ 49. Ke3 Kf6 50. Rxd2 Rxd2 51. Kxd2 Kg5 52. Kd3 Kxh5 53. Ke4 Kg4 54. Kd5 h5 55. Kc6 h4 56. Kxb6 h3 57. Kxa5 h2 58. Kb5 h1=Q 59. Kxc5 Qb7 60. b4 Kf5 61. b5 Ke6 62. Kb4 Kd6 63. c5+ Kd5 64. c6 Qe7+ 65. Ka5 Kc5 66. Ka6 Qc7 67. a5 Kb4 68. b6 Qxc6 69. Ka7 Kxa5 70. b7 Qb6+ 71. Kb8 Ka6 72. Kc8 Qxb7+ 73. Kd8 Kb6 74. Ke8 Kc6 75. Kf8 Kd6 0-1


[Site "https://www.chess.com"]

[Event "Titled Tuesday Blitz November 22 Late 2022"]
[White "Deac, Bogdan-Daniel"]
[Black "Milikow, Yoav"]
[WhiteFideId "1226380"]
[BlackFideId "2822237"]
[WhiteElo "2648"]
[BlackElo "2341"]
[Result "1-0"]
[Round "03"]
[TimeControl "180+1"]
[Date "2022.11.22"]
[WhiteClock "0:00:05"]
[BlackClock "0:00:04"]

1. b3 e5 2. Bb2 Nc6 3. Nf3 e4 4. Nd4 Nf6 5. e3 Bc5 6. Nf5 O-O 7. c4 d5 8. cxd5 Nb4 9. Ng3 Re8 10. Bxf6 Qxf6 11. Nc3 Qg6 12. a3 Bg4 13. Qb1 Nd3+ 14. Bxd3 exd3 15. O-O h5 16. f3 h4 17. fxg4 hxg3 18. h3 Re5 19. Rf3 Rae8 20. Rxg3 c6 21. dxc6 Qxc6 22. Qxd3 Qb6 23. Qc4 Qd6 24. Rd1 Bxa3 25. Rf3 Qe7 26. Rdf1 Rf8 27. Rf5 Re6 28. Nd5 Qd8 29. b4 g6 30. R5f4 Bb2 31. d4 Kg7 32. Qb3 f6 33. g5 f5 34. h4 Rfe8 35. Nf6 Rxe3 36. Nxe8+ Kf8 37. Qxb2 Qxd4 38. Qxd4 Re1 1-0


[Site "https://www.chess.com"]

[Event "Titled Tuesday Blitz November 22 Late 2022"]
[White "Desideri, Ricardo Maruchi"]
[Black "Pinheiro, Iung Alicio de O."]
[WhiteFideId "2110440"]
[BlackFideId "2104350"]
[WhiteElo "1945"]
[BlackElo "2283"]
[Result "0-1"]
[Round "03"]
[TimeControl "180+1"]
[Date "2022.11.23"]
[WhiteClock "0:00:17"]
[BlackClock "0:00:36"]

1. e4 c5 2. Nf3 Nc6 3. d4 cxd4 4. Nxd4 e5 5. Nb5 d6 6. N1c3 a6 7. Na3 b5 8. Nd5 Nge7 9. c4 Nxd5 10. cxd5 Nd4 11. Be3 Be7 12. Bxd4 exd4 13. Qxd4 O-O 14. Be2 f5 15. O-O Bf6 16. Qb4 f4 17. Nc2 Be5 18. Nd4 Qf6 19. Nf3 Bxb2 20. Rab1 Bc3 21. Qb3 b4 22. a3 a5 23. a4 Kh8 24. Ne1 g5 25. Qc2 g4 26. Bd3 Ra7 27. g3 f3 28. Qb3 Qh6 29. Kh1 Qh3 30. Rg1 Rf6 0-1


[Site "https://www.chess.com"]

[Event "Titled Tuesday Blitz November 22 Late 2022"]
[White "Doluhanova, Evgeniya"]
[Black "Sebag, Marie"]
[WhiteFideId "14112035"]
[BlackFideId "617822"]
[WhiteElo "2164"]
[BlackElo "2440"]
[Result "1/2-1/2"]
[Round "03"]
[TimeControl "180+1"]
[Date "2022.11.23"]
[WhiteClock "0:00:08"]
[BlackClock "0:00:08"]

1. e4 d6 2. d4 g6 3. Nf3 Bg7 4. Nbd2 a6 5. Bd3 b5 6. a4 bxa4 7. Rxa4 Bb7 8. O-O Nd7 9. Qe2 Ngf6 10. b3 e5 11. Bb2 exd4 12. Bxd4 O-O 13. Bxa6 Bc6 14. Bb5 Bxb5 15. Qxb5 Rxa4 16. bxa4 Re8 17. a5 Qa8 18. a6 Rb8 19. Qd3 Nc5 20. Bxc5 dxc5 21. h3 Rb6 22. Nb3 Nxe4 23. Re1 Re6 24. a7 Re8 25. Nbd2 f5 26. Nxe4 fxe4 27. Qc4+ Kh8 28. Ng5 h6 29. Ne6 Qxa7 30. Nxg7 Kxg7 31. Rxe4 Rxe4 32. Qxe4 Qa1+ 33. Kh2 Qf6 34. f4 Qd6 35. c4 g5 36. Kg3 gxf4+ 37. Qxf4 Qd3+ 38. Kh2 Qd4 39. Qxc7+ Kg6 40. Qc6+ Kf5 41. Qxh6 Qe5+ 42. Kg1 Qd4+ 43. Kh2 Qxc4 44. Qh5+ Ke6 45. Qg6+ Kd7 46. Qf5+ Kc7 47. Qe5+ Kb6 48. Qd6+ Kb5 49. Qd7+ Kb4 50. Qb7+ Ka3 51. Qf3+ Kb2 52. g4 Qc2+ 53. Kg3 c4 54. g5 c3 55. Qb7+ Kc1 56. Qh1+ Kb2 57. Qb7+ Kc1 58. Qh1+ Kb2 59. Qb7+ 1/2-1/2


[Site "https://www.chess.com"]

[Event "Titled Tuesday Blitz November 22 Late 2022"]
[White "Drygalov, Andrey"]
[Black "Naroditsky, Daniel"]
[WhiteFideId "24171735"]
[BlackFideId "2026961"]
[WhiteElo "2472"]
[BlackElo "2628"]
[Result "0-1"]
[Round "03"]
[TimeControl "180+1"]
[Date "2022.11.22"]
[WhiteClock "0:00:10"]
[BlackClock "0:00:06"]

1. e4 c6 2. Nf3 d5 3. d3 Qc7 4. exd5 cxd5 5. c4 Nf6 6. Nc3 e6 7. a3 a6 8. g3 dxc4 9. dxc4 Bd6 10. Bg2 b6 11. Be3 Bb7 12. Rc1 Nbd7 13. O-O O-O 14. b4 Rac8 15. Na4 Rfd8 16. Qe2 Bc6 17. Nb2 Qb7 18. Rfd1 Ne5 19. Ne1 Bxg2 20. Nxg2 Nf3+ 21. Kh1 Bc7 22. Nd3 Qe4 23. Nde1 Nxe1 24. Qxe1 h6 25. Kg1 Ng4 26. Bf4 Rxd1 27. Rxd1 Qxe1+ 28. Rxe1 Bxf4 29. Nxf4 Rxc4 30. Rd1 Ne5 31. Rd6 Rc6 32. Rd8+ Kh7 33. h4 g5 34. hxg5 hxg5 35. Ne2 g4 36. Kf1 Nf3 37. Nd4 Rc1+ 38. Ke2 Re1+ 39. Kd3 Rd1+ 40. Ke3 e5 41. Nc6 Rc1 42. Rd6 f5 43. Rf6 Rc3+ 44. Ke2 Rxc6 45. Rf7+ Kg6 46. Rf8 e4 47. Ke3 Kg5 48. Rg8+ Rg6 49. Re8 Rd6 50. Rg8+ Kf6 51. Kf4 Ne5 52. Rf8+ Nf7 53. Rb8 Rd3 54. Rxb6+ Nd6 55. Rxd6+ Rxd6 0-1


[Site "https://www.chess.com"]

[Event "Titled Tuesday Blitz November 22 Late 2022"]
[White "Drygalov, Sergey"]
[Black "Weetik, Vjacheslav"]
[WhiteFideId "24171743"]
[BlackFideId "4153472"]
[WhiteElo "2528"]
[BlackElo "2469"]
[Result "1-0"]
[Round "03"]
[TimeControl "180+1"]
[Date "2022.11.22"]
[WhiteClock "0:00:16"]
[BlackClock "0:00:09"]

1. d4 Nf6 2. c4 g6 3. Nc3 Bg7 4. e4 d6 5. Nf3 O-O 6. Be2 e5 7. O-O Nc6 8. d5 Ne7 9. b4 Nh5 10. Re1 Nf4 11. Bf1 a5 12. bxa5 Rxa5 13. a4 c5 14. Nd2 Ra6 15. Ra3 Kh8 16. Nb5 Ng8 17. Nf3 Bg4 18. h3 Bc8 19. Kh2 Nh5 20. g3 Nh6 21. Ng5 Nf6 22. Be2 Nhg8 23. Bf1 h6 24. Nf3 Nh7 25. Bg2 Ne7 26. Nh4 g5 27. Nf3 f5 28. exf5 Bxf5 29. Nd2 Nf6 30. Nc3 Qd7 31. Nde4 Raa8 32. Be3 Rf7 33. Nxf6 Bxf6 34. Rb3 Raf8 35. a5 Bg7 36. Ne4 g4 37. h4 Ng6 38. Rb6 Bxe4 39. Bxe4 Nf4 40. gxf4 exf4 41. Bc1 Qd8 42. Qxg4 Be5 43. Qh5 f3+ 44. Kh1 Rg7 45. Rg1 Rxg1+ 46. Kxg1 Rg8+ 47. Kf1 Qf6 48. Qxh6+ Qxh6 49. Bxh6 Rg4 50. Bxf3 Rxh4 51. Be3 Rxc4 52. Rxb7 Ra4 53. Ra7 c4 54. a6 c3 55. Ra8+ Kg7 56. a7 c2 57. Rc8 Rxa7 58. Bxa7 1-0


[Site "https://www.chess.com"]

[Event "Titled Tuesday Blitz November 22 Late 2022"]
[White "Dylag, Emilia"]
[Black "Bayo Milagro, Alvaro"]
[WhiteFideId "21805172"]
[BlackFideId "22275240"]
[WhiteElo "1878"]
[BlackElo "2270"]
[Result "1-0"]
[Round "03"]
[TimeControl "180+1"]
[Date "2022.11.23"]
[WhiteClock "0:00:43"]
[BlackClock "0:00:14"]

1. d4 Nf6 2. c4 g6 3. g3 Bg7 4. Bg2 O-O 5. Nf3 c6 6. Nc3 d5 7. cxd5 cxd5 8. O-O e6 9. Ne5 Nfd7 10. Bf4 Nc6 11. Nxc6 bxc6 12. Bd6 Re8 13. Na4 Ba6 14. Rc1 Rc8 15. Re1 Qa5 16. e4 Bh6 17. b4 Qd8 18. Rc3 Nb6 19. Be5 f6 20. Bf4 Bxf4 21. gxf4 Nxa4 22. Qxa4 Bb5 23. Qxa7 Ra8 24. Qc5 Rxa2 25. exd5 exd5 26. Rcc1 Qd7 27. Bxd5+ Kg7 28. Bxa2 1-0


[Site "https://www.chess.com"]

[Event "Titled Tuesday Blitz November 22 Late 2022"]
[White "Fedoseev, Vladimir"]
[Black "Garcia Pantoja, Roberto"]
[WhiteFideId "24130737"]
[BlackFideId "3509265"]
[WhiteElo "2726"]
[BlackElo "2524"]
[Result "1-0"]
[Round "03"]
[TimeControl "180+1"]
[Date "2022.11.22"]
[WhiteClock "0:00:13"]
[BlackClock "0:00:01"]

1. c4 e5 2. g3 Nc6 3. Bg2 Bc5 4. Nc3 d6 5. a3 a6 6. b4 Ba7 7. b5 axb5 8. cxb5 Na5 9. Nf3 Nf6 10. O-O O-O 11. Rb1 h6 12. d3 Bf5 13. Nd2 Qd7 14. a4 Bh3 15. Ba3 Bb6 16. Bb4 Bxg2 17. Kxg2 c5 18. Ba3 d5 19. Qc2 Rac8 20. Rfd1 d4 21. Nce4 Nxe4 22. Nxe4 f5 23. Nd2 Qd5+ 24. f3 Kh8 25. Rdc1 Bd8 26. Bb4 Re8 27. Bxa5 Bxa5 28. Nc4 Bd8 29. a5 e4 30. a6 exf3+ 31. exf3 bxa6 32. bxa6 Ra8 33. Re1 Rxe1 34. Rxe1 Rxa6 35. Re5 Qa8 36. Qb3 Bf6 37. Re2 Kh7 38. h3 f4 39. gxf4 Ra1 40. Qb6 Qc8 41. Nd6 Qd7 42. Qxc5 Ra6 43. Ne4 Be7 44. Qh5 Rg6+ 45. Kh2 Bd6 46. Nxd6 Qxd6 47. Qf5 Qf6 48. Qxf6 Rxf6 49. Re4 Rd6 50. f5 Kg8 51. Kg3 Kf7 52. Kf4 g5+ 53. fxg6+ Kxg6 54. Ke5 Rd8 55. Rxd4 Re8+ 56. Kf4 Rf8+ 57. Kg3 1-0


[Site "https://www.chess.com"]